 Dungeon Sprint DCSS version 0.28.0-49-g6dfe1f597d (webtiles) character file.

Game seed: 1208368983232805350

114 Revguard the Cudgeller (level 4, 0/48 HPs)
             Began as a Troll Berserker on May 12, 2022.
             Was a Follower of Trog.
             Slain by Sigmund
             ... wielding a +0 scythe
              (8 damage)
             ... in the Dungeon (Sprint I: "Red Sonja").
             The game lasted 00:01:24 (120 turns).

Revguard the Cudgeller (Troll Berserker)             Turns: 120, Time: 00:01:24

Health: 0/48       AC:  4    Str: 25    XL:     4   Next: 66%
Magic:  3/3        EV: 11    Int:  3    God:    Trog [*.....]
Gold:   54         SH:  0    Dex: 11    Spells: 3/3 levels left

rFire   . . .      SeeInvis .   j - +0 giant spiked club
rCold   . . .      Faith    .   (shield currently unavailable)
rNeg    . . .      Spirit   .   b - +0 animal skin
rPois   .          Reflect  .   (helmet restricted)
rElec   .          Harm     .   (no cloak)
rCorr   .          Rampage  .   (gloves unavailable)
Will    .....      NoTele   +   (boots unavailable)
Stlth   +.........              (no amulet)
HPRegen 0.96/turn               (no ring)
MPRegen 0.08/turn               (no ring)

@: on berserk cooldown, slowed, very slow
A: large, unfitting armour, claws 3, regeneration 1, shaggy fur 1, tough skin 1
a: Renounce Religion, Berserk


You were in the Dungeon.
You worshipped Trog.
Trog was aware of your devotion.
You visited 1 branch You collected 54 gold pieces.

Inventory:

Hand Weapons
 a - a +0 mace
 j - a +0 giant spiked club (weapon)
Armour
 b - a +0 animal skin (worn)
Wands
 i - a wand of flame (8)
Potions
 c - a potion of curing
 e - a potion of haste
 f - 2 potions of magic
 g - a potion of berserk rage


   Skills:
 + Level 4.2 Fighting
 * Level 6.0 Maces & Flails
 + Level 3.2 Armour
 + Level 4.2 Dodging


You had 3 spell levels left.
You didn't know any spells.
Your spell library was empty.

Dungeon Overview and Level Annotations

Branches:
Dungeon (1/1)

Altars:

Annotations:
D Sigmund


Innate Abilities, Weirdness & Mutations

You are too large for most types of armour.
You have claws for hands.
Your natural rate of healing is unusually fast.
You are covered in fur. (AC +1)
You have tough skin. (AC +1)


Message History

You miss something. Something hits you.
You hit something. You barely miss something.
Something hits you but does no damage.
You thump something! Something hits you.
You miss something. You miss something.
You hear some strange, mumbled words.
Something tries to affect you, but you resist.
You closely miss something.
You are no longer berserk.
You are exhausted.
You feel yourself slow down. Something hits you!
You miss something. Something hits you!
You miss something. Something hits you! Something completely misses you.
You miss something.
You hear some strange, mumbled words.
A puff of flame appears from out of thin air!
The puff of flame hits you! Something hits you!
* * * LOW HITPOINT WARNING * * *
You feel much better. Something hits you!
* * * LOW HITPOINT WARNING * * *
You closely miss something. Something hits you.
* * * LOW HITPOINT WARNING * * *
You hit something. Something hits you but does no damage.
You hear some strange, mumbled words.
A puff of flame appears from out of thin air!
The puff of flame misses you.
You barely miss something. Something hits you!
* * * LOW HITPOINT WARNING * * *
Something hits you but does no damage.
You miss something. Something hits you.
* * * LOW HITPOINT WARNING * * *
Blink to where?
Press: ? - help, Dir - move target
As you read the scroll of blinking, it crumbles to dust.
There is an open door, spattered with blood here.
Things that are here:
a +0 dagger; a +0 ring mail You close the door.
Something unseen opens the door.
Something hits you!
You die...

#############
#<.#.@'..#§.+
#..'..#..'..#
#..#####'####
#..# #..#
#..# ####
#..# #⌠⌠#
####


There were no monsters in sight!

Vanquished Creatures
  An ogre (D)
  Ijyb (D)
2 creatures vanquished.

Notes
Turn   | Place    | Note
-------+----------+-------------------------------------------
     0 | D        | Revguard the Troll Berserker began the quest for the Orb.
     0 | D        | Reached XP level 1. HP: 22/22 MP: 0/0
     2 | D        | Noticed Ijyb
    19 | D        | Killed Ijyb
    20 | D        | Reached skill level 4 in Maces & Flails
    20 | D        | Reached skill level 1 in Armour
    20 | D        | Reached XP level 2. HP: 22/31 MP: 1/1
    54 | D        | Noticed an ogre
    61 | D        | Killed an ogre
    62 | D        | Reached skill level 6 in Maces & Flails
    62 | D        | Reached XP level 3. HP: 25/39 MP: 2/2
    62 | D        | Reached XP level 4. HP: 31/48 MP: 3/3
    98 | D        | Noticed Sigmund
   116 | D        | HP: 2/48 [something (6)]
   120 | D        | Slain by Sigmund

Illustrated notes

Levels and vault maps discovered:
D:        dungeon_sprint_1 [red_sonja_temple_1, red_sonja_temple_small_1]

Skill      XL: |  1  2 |
---------------+-------+-----
Fighting       | 3 4 |  4.2
Maces & Flails | 4 6 |  6.0
Armour         | 1 3 |  3.2
Dodging        | 3 4 |  4.2

Action                   |  1- 3 |  4- 6 || total
-------------------------+-------+-------++-------
Melee: Mace              |    21 |       ||    21
       Giant spiked club |       |    14 ||    14
Invok: Berserk           |     2 |     1 ||     3
  Use: Potion            |     1 |     1 ||     2
       Scroll            |       |     1 ||     1
Armor: Animal skin       |     1 |     4 ||     5
Dodge: Dodged            |    11 |     3 ||    14
